 Dungeon Crawl Stone Soup version 0.29.0-4-gdea44cf6ec (webtiles) character file.

Game seed: 1605584788937275598

106 qw the Sneak (level 4, -2/28 HPs)
             Began as a Gargoyle Delver on Sept 10, 2022.
             Killed by nerve-wracking pain
             ... invoked by Grinder
              (5 damage)
             ... while paralysed by Grinder
             ... on level 3 of the Dungeon.
             The game lasted 00:00:57 (3569 turns).

qw the Sneak (Gargoyle Delver)                      Turns: 3569, Time: 00:00:57

Health: -2/28      AC: 11    Str: 17    XL:     4   Next: 84%
Magic:  4/4        EV:  2    Int: 11    God:
Gold:   38         SH:  0    Dex: 11    Spells: 3/3 levels left

rFire   + . .      SeeInvis .   Y - +0 war axe
rCold   . . .      Faith    .   (no shield)
rNeg    + . .      Spirit   .   l - +0 chain mail
rPois   inf        Reflect  +   (no helmet)
rElec   +          Harm     .   (no cloak)
rCorr   .          Rampage  .   (no gloves)
Will    .....                   (no boots)
Stlth   ..........              m - amulet of reflection
HPRegen 0.09/turn               e - ring of protection from fire
MPRegen 0.09/turn               (no ring)

@: paralysed
A: sickness immunity, AC +3, negative energy resistance 1, electricity
resistance, torment resistance 1, petrification resistance
a: no special abilities


You were on level 3 of the Dungeon.
You visited 1 branch of the dungeon, and saw 5 of its levels.

You collected 71 gold pieces.
You spent 33 gold pieces at shops.


Innate Abilities, Weirdness & Mutations

You are immune to sickness and miasma.
Your stone body is resilient. (AC +3)
You are immune to poison.
You resist negative energy. (rN+)
You are resistant to electric shocks. (rElec)
You are resistant to unholy torment.
You are immune to petrification.


   Skills:
 - Level 3.2 Fighting
 - Level 4.0 Axes
 - Level 1.0 Throwing
 + Level 1.0 Armour
 - Level 1.5 Dodging
 - Level 5.4 Stealth


You had 3 spell levels left.
You didn't know any spells.
Your spell library was empty.

Inventory:

Hand Weapons
 d - a +0 flail
 Y - a +0 war axe (weapon)
Armour
 l - a +0 chain mail (worn)
Jewellery
 e - a ring of protection from fire (left hand)
 m - an amulet of reflection (around neck)
Wands
 g - a wand of digging (3)
Scrolls
 a - a scroll of enchant armour
 c - 2 scrolls of identify
 h - a scroll of vulnerability {unknown}
Potions
 b - a potion of curing
 f - a potion of haste
 j - a potion of resistance

Dungeon Overview and Level Annotations

Branches:
Dungeon (5/15)
 Temple: D:4-7

Altars:
Gozag

Shops:
D:1 (   D:2 !

Annotations:
D:3 Grinder


Message History

You slash Ijyb!
You kill Ijyb!
Your Axes skill increases to level 4!
You start resting.
Grinder is nearby!
3540 ||| FLEEEEING.
3541 ||| FLEEEEING.
3542 ||| FLEEEEING.
3543 ||| FLEEEEING.
3544 ||| FLEEEEING.
You start resting.
Grinder is nearby!
Grinder barely misses you.
You barely miss Grinder. You block Grinder's attack.
You barely miss Grinder. Grinder hits you.
You writhe in agony.
You slash Grinder! You punch Grinder, but do no damage.
Grinder is moderately wounded.
Grinder hits you.
You barely miss Grinder.
Grinder is moderately wounded.
Grinder hits you but does no damage. x2
You hit Grinder.
Grinder is moderately wounded.
Grinder gestures at you. Pain shoots through your body!
You slash Grinder!
Grinder is heavily wounded.
Grinder blinks!
You hit Grinder.
Grinder is heavily wounded.
Grinder hits you but does no damage.
Grinder grins, showing sharp teeth.
Grinder gestures at you.
You suddenly lose the ability to move!
Grinder hits you. Grinder gestures at you. Pain shoots through your body!
You die...

## ### ### .# #.# #.#
.###############.# #.#
.................# #.######
.###############.# #....... .#
#.# #####.###### .# #.#
#.......#... .# #5# #.......#...
.###############@#####.......#...
.....#...[.......................
.......#########.#####.......#...
.....### #.# #.......#... .....#
#######.# #####.###... .....#
#.......# #.# #... %>...#
#.####### #.# #... ...#.# #.# #.#
#### ..~### #.# #.#


You could see Grinder.

Vanquished Creatures
  Ijyb (D:3)
  An adder (D:3)
  A worm (D:3)
  A dart slug (D:2)
  3 orcs
  5 bats
  6 endoplasms
  4 giant cockroaches
  11 goblins
  4 hobgoblins
  3 quokkas
  2 ball pythons (D:2)
  5 frilled lizards
  9 kobolds
  2 rats
58 creatures vanquished.

Notes
Turn   | Place    | Note
-------+----------+-------------------------------------------
     0 | D:5      | qw the Gargoyle Delver began the quest for the Orb.
     0 | D:5      | Reached XP level 1. HP: 14/14 MP: 1/1
     0 | D:5      | 0 ||| qw: Version: 0.1-a-116-g5d60599
     0 | D:5      | 0 ||| qw: Game counter: 8054
     0 | D:5      | 0 ||| qw: Always use a shield: true
     0 | D:5      | 0 ||| qw: God list: Okawaru
     0 | D:5      | 0 ||| qw: Allow faded altars: false
     0 | D:5      | 0 ||| qw: Do Orc after D:15 true
     0 | D:5      | 0 ||| qw: Do second Lair branch before Depths: true
     0 | D:5      | 0 ||| qw: Lair rune preference: random
     0 | D:5      | 0 ||| qw: Plans: Normal
     0 | D:5      | 0 ||| PLANNING D:1-11
     0 | D:5      | 0 ||| DROPPING scroll of fog.
     1 | D:5      | 1 ||| DROPPING scroll of magic mapping.
     2 | D:5      | 2 ||| DROPPING scroll of fear.
     5 | D:5      | Noticed a black bear
   233 | D:4      | Found an opulent altar of Gozag.
   272 | D:4      | 272 ||| UPGRADING to ring of protection from fire.
   273 | D:4      | 273 ||| READING 2 scrolls labelled VOPROR ARCHINKI.
   312 | D:3      | Reached XP level 2. HP: 19/19 MP: 2/2
   517 | D:3      | 517 ||| READING 2 scrolls labelled VIHOUDWIRUY.
   518 | D:3      | 518 ||| READING scroll labelled BITWOC KYKYSTRU.
   522 | D:3      | 522 ||| READING scroll labelled CUASHU NYLAY.
   614 | D:2      | Found a faded altar of an unknown god.
   693 | D:2      | 693 ||| DRINKING 2 viscous purple potions.
   726 | D:2      | 726 ||| DROPPING potion of lignification.
   882 | D:1      | Reached skill level 3 in Axes
   976 | D:1      | Reached XP level 3. HP: 23/23 MP: 3/3
  1006 | D:1      | Found Heuxt's Antique Weapon Shop.
  1138 | D:1      | Reached skill level 1 in Throwing
  1266 | D:1      | 1266 ||| Stepping ~*~*~tactically~*~*~ (stealth).
  1610 | D:1      | 1610 ||| UPGRADING to +0 chain mail.
  1620 | D:1      | 1620 ||| DROPPING +0 leather armour.
  1621 | D:1      | 1621 ||| UPGRADING to amulet of reflection.
  1626 | D:1      | 1626 ||| DRINKING 2 metallic yellow potions.
  1627 | D:1      | 1627 ||| READING 3 scrolls of identify.
  1627 | D:1      | 1627 ||| IDENTIFYING sapphire potion
  1628 | D:1      | 1628 ||| READING 2 scrolls of identify.
  1628 | D:1      | 1628 ||| IDENTIFYING grey potion
  1629 | D:1      | 1629 ||| DROPPING potion of brilliance.
  1630 | D:1      | 1630 ||| DROPPING potion of flight.
  1945 | D:2      | Found Geitet's Distillery.
  1955 | D:2      | 1955 ||| SHOPLISTING 2 potions of might (88 gold, have 71).
  1955 | D:2      | 1955 ||| BUYING potion of curing (33 gold).
  1955 | D:2      | Bought a potion of curing for 33 gold pieces
  1955 | D:2      | 1955 ||| SHOPLISTING potion of heal wounds (55 gold, have
                  | 38).
  1971 | D:2      | 1971 ||| Stepping ~*~*~tactically~*~*~ (stealth).
  1980 | D:2      | Reached skill level 1 in Armour
  1999 | D:2      | 1999 ||| FLEEEEING.
  2000 | D:2      | 2000 ||| FLEEEEING.
  2001 | D:2      | 2001 ||| STAIRDANCE
  2145 | D:2      | 2145 ||| Stepping ~*~*~tactically~*~*~ (hiding).
  2146 | D:2      | 2146 ||| SWAPPING to +0 war axe.
  2148 | D:2      | 2148 ||| Stepping ~*~*~tactically~*~*~ (hiding).
  2152 | D:2      | Reached XP level 4. HP: 28/28 MP: 4/4
  2158 | D:2      | 2158 ||| DROPPING +0 hand axe.
  2453 | D:2      | 2453 ||| READING scroll labelled MUSIBLAWNI.
  2454 | D:2      | 2454 ||| READING 3 scrolls of identify.
  2454 | D:2      | 2454 ||| IDENTIFYING blue potion
  2455 | D:2      | 2455 ||| DROPPING potion of ambrosia.
  2636 | D:3      | Noticed Ijyb
  2637 | D:3      | Noticed Grinder
  2644 | D:3      | HP: 5/28 [Ijyb/+0 dagger (4)]
  2645 | D:3      | 2645 ||| READING 2 scrolls of teleportation.
  2997 | D:3      | 2997 ||| Stepping ~*~*~tactically~*~*~ (stealth).
  3257 | D:3      | 3257 ||| Stepping ~*~*~tactically~*~*~ (stealth).
  3271 | D:3      | Paralysed by Grinder for 4 turns
  3277 | D:3      | HP: 5/28 [Grinder (6)]
  3278 | D:3      | 3278 ||| READING scroll of teleportation.
  3295 | D:3      | 3295 ||| FLEEEEING.
  3538 | D:3      | Killed Ijyb
  3540 | D:3      | 3540 ||| FLEEEEING.
  3541 | D:3      | 3541 ||| FLEEEEING.
  3542 | D:3      | 3542 ||| FLEEEEING.
  3543 | D:3      | 3543 ||| FLEEEEING.
  3544 | D:3      | 3544 ||| FLEEEEING.
  3564 | D:3      | HP: 6/28 [Grinder/nerve-wracking pain (3)]
  3567 | D:3      | Paralysed by Grinder for 4 turns
  3569 | D:3      | Killed from afar by Grinder

Levels and vault maps discovered:
D:1:      grunt_arrival_lava_bath, layout_basic, serial_curves, eino_curves_01,
          eino_curves_02, serial_shops, shop_fountains, minmay_tiny_reverse_x
D:2:      layout_basic, basic_ecumenical_altar, serial_shops,
          nicolae_shop_stone, minmay_misc_feat_encased, solitary_fountain
D:3:      layout_basic, moated_statue, uniq_grinder, uniq_ijyb
D:4:      minmay_skewed_foursquare, layout_rooms,
          nicolae_overflow_crystal_walls,
          mainiacjoe_overflow_concentric_impassable,
          minmay_overflow_temple_star_quad, serial_shops,
          nicolae_shop_statue_plus, dreamdust_gnoll_farm
D:5:      layout_loops_ring, nicolae_overflow_hidden_temple, uniq_edmund,
          uniq_blork_the_orc

Skill      XL: |  1  2  3  4 |
---------------+-------------+-----
Axes           | 2 3 4 |  4.0
Throwing       | 1 |  1.0
Armour         | 1 |  1.0
Fighting       | |  3.2
Dodging        | |  1.5
Stealth        | |  5.4

Action                   |  1- 3 |  4- 6 || total
-------------------------+-------+-------++-------
Melee: Hand axe          |    70 |       ||    70
       War axe           |     2 |    57 ||    59
       Punch             |     1 |     1 ||     2
Throw: Javelin           |    32 |     4 ||    36
  Use: Scroll            |     6 |     4 ||    10
       Potion            |     2 |       ||     2
Armor: Leather armour    |    10 |       ||    10
       Chain mail        |    11 |    39 ||    50
Dodge: Dodged            |    26 |     8 ||    34
Block: Other             |     5 |    11 ||    16

Table legend:
 A = Non-vault XP
 B = Vault XP
 C = Vault XP percentage of total XP
 D = Non-vault monster count
 E = Vault monster count
 F = Vault count percentage of total count
                 A         B        C        D         E       F
            +---------+---------+-------+---------+---------+-------
      Total |     112 |      40 |  26.3 |      55 |       3 |   5.2
            +---------+---------+-------+---------+---------+-------
        D:1 |      30 |       4 |  11.8 |      17 |       2 |  10.5
        D:2 |      37 |       0 |   0.0 |      23 |       0 |   0.0
        D:3 |      38 |      36 |  48.6 |      12 |       1 |   7.7
        D:4 |       7 |       0 |   0.0 |       3 |       0 |   0.0
            +---------+---------+-------+---------+---------+-------
